 Dungeon Crawl Stone Soup version 0.30-a0-359-gd0147acb1a (webtiles) character file.

Game seed: 309358219512752743

43 sanka the Caller (level 3, -6/26 HPs)
             Began as a Demigod Summoner on Nov 11, 2022.
             Mangled by Crazy Yiuf
             ... wielding a +4 quarterstaff of chaos
              (9 damage)
             ... on level 2 of the Dungeon.
             The game lasted 00:03:58 (2460 turns).

sanka the Caller (Demigod Summoner)                 Turns: 2460, Time: 00:03:59

Health: -6/26      AC:  2    Str: 15    XL:     3   Next: 20%
Magic:  1/8        EV: 12    Int: 21    God:
Gold:   115        SH:  0    Dex: 14    Spells: 3/6 levels left

rFire   . . .      SeeInvis .    (no weapon)
rCold   . . .      Faith    .    (no shield)
rNeg    . . .      Spirit   .    a - +0 robe
rPois   .          Reflect  .    (no helmet)
rElec   .          Harm     .    (no cloak)
rCorr   .          Rampage  .    (no gloves)
Will    .....                    (no boots)
Stlth   ++........               (no amulet)
HPRegen 0.24/turn                (no ring)
MPRegen 0.11/turn                p - +6 ring of strength

@: no status effects
A: high MP 1, forlorn, divine attributes
a: no special abilities


You were on level 2 of the Dungeon.
You visited 1 branch of the dungeon, and saw 2 of its levels.

You collected 115 gold pieces.


Innate Abilities, Weirdness & Mutations

You have an increased reservoir of magic. (+10% MP)
You shall have no god before yourself.
Your divine heritage dramatically boosts your attributes as you level up.


   Skills:
 - Level 1.7 Dodging
 - Level 1.7 Stealth
 - Level 2.0 Spellcasting
 + Level 4.6 Summonings


You had 3 spell levels left.
You knew the following spells:

 Your Spells              Type           Power      Damage    Failure   Level
x - Call Imp              Summ           21%        N/A       3%          2
z - Summon Small Mammal   Summ           84%        N/A       2%          1

Your spell library contained the following spells:

 Spells                   Type           Power      Damage    Failure   Level
 Call Canine Familiar     Summ           21%        N/A       6%          3
 Summon Guardian Golem    Hex/Summ       11%        N/A       17%         3
 Ensorcelled Hibernation  Hex/Ice        4%         N/A       22%         2
 Passwall                 Tmut/Erth      1%         N/A       22%         2
 Swiftness                Air            2%         N/A       41%         3
 Summon Lightning Spire   Summ/Air       11%        N/A       50%         4

Inventory:

Armour
 a - a +0 robe (worn)
Jewellery
 p - a +6 ring of strength (right hand)
Scrolls
 c - 2 scrolls of amnesia {unknown}
 d - 2 scrolls of magic mapping {unknown}
 e - a scroll of enchant weapon {unknown}
 f - a scroll of blinking {unknown}
 h - 3 scrolls of identify {unknown}
 k - a scroll of summoning {unknown}
 l - a scroll of vulnerability {unknown}
 m - a scroll of butterflies {unknown}
Potions
 b - a potion of magic
 g - a potion of haste {unknown}
 i - a potion of attraction {unknown}
 j - a potion of curing {unknown}
 n - 2 potions of might {unknown}
 o - a potion of mutation {unknown}

Dungeon Overview and Level Annotations

Branches:
Dungeon (2/15)

Annotations:
D:2 Crazy Yiuf

.........▒.▒.▒.▒.▒▒▒.▒.▒▒▒▒▒.▒▒▒.
.........▒.▒...▒.....▒...........
.........▒.▒▒▒▒▒▒▒▒▒▒▒.▒▒▒▒▒▒▒▒▒▒
.........▒...........▒.▒...▒ ▒▒▒▒
.........▒.▒▒▒▒▒.▒▒▒.▒.▒.▒.▒▒▒...
.........▒.▒...▒.▒...▒.▒.▒.▒.....
.....▒▒▒▒▒.▒▒▒.▒.▒▒▒▒▒.▒▒▒.▒.▒...
.....▒▒▒▒▒.....▒...........▒.....
.....▒...▒▒▒▒▒▒▒p▒▒▒▒▒▒▒▒▒▒▒▒.▒.▒
.....▒........▒▒g▒...▒...........
▒▒▒▒▒▒..[........▒.▒.▒.▒........▒
▒.....b..▒▒.▒.▒.▒.▒.........
♣♣♣♣▒▒(.......▒▒.▒▒▒.▒.▒.........
.♣...+........▒▒.....▒.▒▒▒.....▒.
♣.............▒▒▒▒▒▒▒▒.........▒.
♣♣.....(......▒ ▒..........▒.
♣♣..+.....▒▒▒▒ ▒..........▒.


You could see Crazy Yiuf.


Message History

Your iron imp hits Crazy Yiuf but does no damage.
Crazy Yiuf hits your iron imp with a +4 quarterstaff of chaos!
Your iron imp dies!
You miscast Call Imp.
You are very lightly contaminated with residual magic.
Nothing appears to happen.
Your bat hits Crazy Yiuf. Crazy Yiuf attacks as you move away!
Crazy Yiuf hits you with a +4 quarterstaff of chaos!
Crazy Yiuf draws strength from your wounds!
Your bat closely misses Crazy Yiuf.
Crazy Yiuf attacks as you move away! Crazy Yiuf closely misses you.
Your bat barely misses Crazy Yiuf.
Crazy Yiuf says, "Crazy?
Crazy!?
PORCUPINE!"
Your bat hits Crazy Yiuf.
Crazy Yiuf grits, "Lugonu!
Ten cower pizzabubble."
Your bat barely misses Crazy Yiuf.
Your magical contamination has completely faded away.
Your bat closely misses Crazy Yiuf.
Crazy Yiuf says, "Trifle disdain meccalolo!"
Here: Crazy Yiuf, wielding a +4 quarterstaff of chaos and wearing a +0 cloak (lightly wounded)
The floor.
Unknown command.
Crazy Yiuf attacks as you move away!
Crazy Yiuf hits you with a +4 quarterstaff of chaos!
Ouch! That really hurt!
* * * LOW HITPOINT WARNING * * *
You are electrocuted!
You die...

Action                   || total
-------------------------++-------
Melee: Unarmed           ||    62
       Punch             ||     2
 Cast: Summon Small Mamm ||    52
       Call Imp          ||    19
 Stab: Distracted        ||     1
       Sleeping          ||     1
Armor: Robe              ||    19
Dodge: Dodged            ||    65

Levels and vault maps discovered:
D:1:      minmay_arrival_cross, layout_basic
D:2:      mumra_celtic_spiral_tile, layout_basic, uniq_crazy_yiuf_cottage

Notes
Turn   | Place    | Note
-------+----------+-------------------------------------------
     0 | D:1      | sanka the Demigod Summoner began the quest for the Orb.
     0 | D:1      | Reached XP level 1. HP: 14/14 MP: 5/5
   114 | D:1      | Reached skill level 2 in Spellcasting
   343 | D:1      | Reached skill level 4 in Summonings
   352 | D:1      | Reached XP level 2. HP: 20/20 MP: 5/7
   355 | D:1      | Learned a level 2 spell: Call Imp
  1056 | D:1      | Reached XP level 3. HP: 16/26 MP: 6/8
  2119 | D:2      | Found a runed translucent door.
  2120 | D:2      | Noticed Crazy Yiuf
  2460 | D:2      | Mangled by Crazy Yiuf

Vanquished Creatures
  An endoplasm (D:1)
  A hobgoblin (D:1)
  2 bats (D:1)
  A kobold (D:1)
  A rat (D:1)
6 creatures vanquished.

Vanquished Creatures (collateral kills)
  3 ball pythons
  2 bats (D:1)
  2 endoplasms (D:2)
  2 giant cockroaches
  3 goblins
  4 hobgoblins (D:1)
  4 jackals (D:1)
  2 quokkas (D:1)
  3 frilled lizards (D:1)
  A kobold (D:1)
  6 rats (D:1)
32 creatures vanquished.

Grand Total: 38 creatures vanquished
